 Dungeon Crawl Stone Soup version 0.32-a0-576-g706899e69d (webtiles) character file.

Game seed: 5190843921253523903

98 Maxmaps the Insei (level 4, -2/35 HPs)
             Began as a Demonspawn Monk on Mar 1, 2024.
             Slain by a gnoll
             ... wielding a +0 whip
              (4 damage)
             ... on level 2 of the Dungeon.
             The game lasted 00:02:39 (1493 turns).

Maxmaps the Insei (Demonspawn Monk)                 Turns: 1493, Time: 00:02:40

Health: -2/35      AC:  5    Str:  8 (11) XL:     4   Next: 44%
Magic:  0/4        EV: 11    Int: 13 (15) God:
Gold:   146        SH:  0    Dex: 19 (21) Spells: 3/3 levels left

rFire   . . .        b - +1 dagger (venom)
rCold   . . .        c - orb {light}
rNeg    . . .        l - +0 ring mail
rPois   +            (no helmet)
rElec   .            (no cloak)
rCorr   .            (no gloves)
SInv    .            (no boots)
Will    +....        (no amulet)
Stlth   +            f - +6 ring of dexterity
HPRegen 0.25/turn    j - ring of poison resistance
MPRegen 0.18/turn

%: guardian spirit
@: enlightened, flying, glowing
A: magic shield, magic regeneration, big brain 1
a: no special abilities


You were on level 2 of the Dungeon.
You visited 1 branch of the dungeon, and saw 2 of its levels.

You collected 146 gold pieces.

Inventory:

Hand Weapons
 b - a +1 dagger of venom (weapon)
Armour
 c - an orb of light (worn)
 l - a +0 ring mail (worn)
Jewellery
 f - a +6 ring of dexterity (left hand)
 j - a ring of poison resistance (right hand)
 n - a ring of flight
Talismans
 k - a beast talisman
Scrolls
 e - 2 scrolls of noise {unknown}
 h - 2 scrolls of fear {unknown}
 i - a scroll of immolation {unknown}
Potions
 g - a potion of haste
 m - a potion of brilliance {unknown}


   Skills:
 - Level 3.0 Fighting
 + Level 2.8 Short Blades
 - Level 3.1 Dodging
 - Level 3.3 Unarmed Combat


You had 3 spell levels left.
You didn't know any spells.
Your spell library was empty.

Dungeon Overview and Level Annotations

Branches:
Dungeon (2/15)

Altars:


Innate Abilities, Weirdness & Mutations

When hurt, damage is shared between your health and your magic reserves.
You regenerate magic rapidly.
You have an unusually large brain. (Int +2)


Message History

The adder is heavily wounded.
The adder closely misses you.
You barely miss the adder.
The adder is heavily wounded.
You kill the adder!
You see here an adder corpse.
Unknown command.
The gnoll barely misses you. The gnoll closely misses you.
You hit the gnoll.
The gnoll is poisoned.
The gnoll is lightly wounded.
The gnoll closely misses you.
You hit the gnoll.
The gnoll looks as sick as possible!
The gnoll is moderately wounded.
The gnoll hits you with a +0 spear.
You hit the gnoll but do no damage.
The gnoll is heavily wounded.
The gnoll hits you with a +0 spear!
* * * LOW HITPOINT WARNING * * *
You hit the gnoll.
The gnoll looks as sick as possible!
The gnoll is severely wounded.
The gnoll closely misses you.
You barely miss the gnoll.
The gnoll is severely wounded.
You kill the gnoll!
You hit the gnoll but do no damage.
The gnoll is poisoned.
The gnoll hits you with a +0 whip.
You hit the gnoll.
The gnoll is lightly wounded.
The gnoll hits you with a +0 whip!
* * * LOW HITPOINT WARNING * * *
You hit the gnoll but do no damage.
The gnoll looks as sick as possible!
It was a potion of enlightenment.
You feel very buoyant.
You fly up into the air.
The gnoll barely misses you.
It was a potion of degeneration.
There was something very wrong with that liquid.
You feel weakened.
You feel dopey.
You feel clumsy. The gnoll hits you with a +0 whip.
You die...

### ##.## ##...##
####### #.....#
#...g.#######...##
#.###.g..†........
#g# ##########.###
#@# #.# ##.######
##'## #.......#
##...## #..####.#
##.....# ##.#.#.#.#
##.......
#.###....###........
##.#.......'........
#..#......#........
#.##.......#.......


You could see a gnoll (extremely poisoned).

Vanquished Creatures
  4 gnolls
  An adder (D:2)
  A ribbon worm (D:2)
  3 ball pythons
  3 endoplasms
  2 giant cockroaches
  8 hobgoblins
  6 jackals (D:1)
  4 kobolds
  3 quokkas
  4 bats
  2 frilled lizards (D:1)
  A goblin (D:1)
  3 rats (D:2)
45 creatures vanquished.

Notes
Turn   | Place    | Note
-------+----------+-------------------------------------------
     0 | D:1      | Maxmaps the Demonspawn Monk began the quest for the Orb.
     0 | D:1      | Reached XP level 1. HP: 18/18 MP: 1/1
    22 | D:1      | Gained mutation: You regenerate magic rapidly. [demonic
                  | ancestry]
    22 | D:1      | Reached XP level 2. HP: 9/24 MP: 2/2
   355 | D:1      | Found a faded altar of an unknown god.
   397 | D:1      | Gained mutation: When hurt, damage is shared between your
                  | health and your magic reserves. [demonic ancestry]
   397 | D:1      | Reached XP level 3. HP: 29/29 MP: 3/3
   411 | D:1      | Reached skill level 1 in Short Blades
  1410 | D:2      | Gained mutation: You have an unusually large brain. (Int
                  | +2) [demonic ancestry]
  1410 | D:2      | Reached XP level 4. HP: 19/35 MP: 2/4
  1493 | D:2      | Slain by a gnoll

Illustrated notes

Levels and vault maps discovered:
D:1:      roderic_octagonal_star, layout_basic, shapermc_ecumenical_altar_gd,
          minmay_tromino_v4_a
D:2:      layout_loops_corners, minmay_fountain_box, st_stairs_1,
          kennysheep_big_empty_room, minivault_4

Skill      XL: |  1  2  3 |
---------------+----------+-----
Unarmed Combat | 3 |  3.3
Dodging        | 3 |  3.1
Short Blades   | 2 |  2.8
Fighting       | |  3.0

Action                     |  1- 3 |  4- 6 || total
---------------------------+-------+-------++-------
  Melee: Unarmed           |    23 |       ||    23
         Dagger            |    91 |    21 ||   112
    Use: Potion            |     1 |     3 ||     4
 Armour: Robe              |    45 |       ||    45
         Ring mail         |    18 |    21 ||    39
  Dodge: Dodged            |    96 |    16 ||   112

Table legend: (Time is in decaauts)
 A = Elapsed time spent in this place.
 B = Non-inter-level travel time spent in this place.
 C = Inter-level travel time spent in this place.
 D = Time resting spent in this place.
 E = Time spent auto-exploring this place.
 F = Levels seen in this place.
 G = Mean time per level.
                   A        B        C        D        E       F      G
               +--------+--------+--------+--------+--------+-----+--------+
         Total |   1471 |   1331 |    140 |      3 |    989 |   2 |  735.5 |
       Dungeon |   1471 |   1331 |    140 |      3 |    989 |   2 |  735.5 |
               +--------+--------+--------+--------+--------+-----+--------+

Top non-repeatable levels by time:
     D:1: 903 daAuts
     D:2: 568 daAuts
